 Dungeon Crawl Stone Soup version 0.30-a0-6-g7c9e10e132 (webtiles) character file.

Game seed: 13755267471418594776

22 jlumianski the Chopper (level 2, 0/22 HPs)
             Began as a Demonspawn Gladiator on Aug 23, 2022.
             Slain by an orc
             ... wielding a +0 falchion
              (4 damage)
             ... on level 1 of the Dungeon.
             The game lasted 00:03:37 (896 turns).

jlumianski the Chopper (Demonspawn Gladiator)        Turns: 896, Time: 00:03:37

Health: 0/22       AC: 11    Str: 14    XL:     2   Next: 68%
Magic:  0/2        EV:  4    Int:  9    God:
Gold:   98         SH:  0    Dex: 14    Spells: 1/1 levels left

rFire   . . .      SeeInvis .    a - +0 war axe
rCold   . . .      Faith    .    (no shield)
rNeg    . . .      Spirit   +    o - +0 plate armour
rPois   .          Reflect  .    c - +0 helmet
rElec   .          Harm     .    (no cloak)
rCorr   .          Rampage  .    (no gloves)
Will    .....                    (no boots)
Stlth   ..........               n - amulet of guardian spirit
HPRegen 0.07/turn                (no ring)
MPRegen 0.08/turn                (no ring)

@: no status effects
A: weakness stinger 1
a: no special abilities


You were on level 1 of the Dungeon.
You visited 1 branch of the dungeon, and saw 2 of its levels.

You collected 98 gold pieces.

Inventory:

Hand Weapons
 a - a +0 war axe (weapon)
 f - a +1 mace of protection
Missiles
 d - 3 throwing nets (quivered)
 e - a javelin
 g - 6 poisoned darts
 h - 11 stones
Armour
 b - a +0 leather armour
 c - a +0 helmet (worn)
 o - a +0 plate armour (worn)
Magical Staves
 l - a staff of air
Jewellery
 n - an amulet of guardian spirit (around neck)
Scrolls
 i - a scroll of magic mapping {unknown}
 j - a scroll of blinking {unknown}
 k - a scroll of teleportation {unknown}


   Skills:
 + Level 2.1 Fighting
 + Level 3.2 Axes
 + Level 1.8 Throwing
 + Level 3.0 Dodging


You had one spell level left.
You didn't know any spells.
Your spell library was empty.

Dungeon Overview and Level Annotations

Branches:
Dungeon (2/15)

Altars:


Innate Abilities, Weirdness & Mutations

You have a small tail.


Message History

There is a stone staircase leading down here.
You slash the orc priest!
The orc priest is heavily wounded.
You hit the orc. You barely miss the orc. The orc hits you with a +0 mace.
The orc hits you but does no damage.
The orc priest hits you with a +1 vorpal hand axe.
You hit the orc priest.
The orc priest is almost dead.
You barely miss the orc. You hit the orc but do no damage.
The orc hits you but does no damage. x2
The orc priest mumbles some strange prayers to Beogh against you.
You barely resist. You completely miss the orc priest.
You tail-slap the orc priest, but do no damage.
The orc priest is almost dead.
You closely miss the orc. You hit the orc. The orc hits you with a +0 mace.
The orc hits you but does no damage.
The orc priest hits you with a +1 vorpal hand axe.
* * * LOW HITPOINT WARNING * * *
The orc hits you but does no damage. x2
The orc priest hits you but does no damage.
You hit the orc priest but do no damage.
The orc priest is almost dead.
You closely miss the orc. You barely miss the orc.
The orc hits you with a +0 mace.
* * * LOW HITPOINT WARNING * * *
The orc hits you with a +0 falchion.
* * * LOW HITPOINT WARNING * * *
The orc priest hits you with a +1 vorpal hand axe.
* * * LOW HITPOINT WARNING * * *
It was a potion of curing.
You feel better. The orc hits you but does no damage.
The orc hits you with a +0 falchion.
* * * LOW HITPOINT WARNING * * *
The orc priest hits you but does no damage.
Okay, then.
You slash the orc priest!
You kill the orc priest!
You closely miss the orc. You hit the orc but do no damage.
The orc barely misses you. The orc hits you with a +0 falchion.
You die...

#†# #.# ######.# #.#
## ###....#.# #.# #.
#........# #.# #.
#.#....### #.# #.
#.#.##########.# #.
#.#...........)# #.
#.#.######....#######.
#.#.o@o.............'.
#.###)####....#######.
#...............÷..[..
#####.#.######.#######
#.#.........#.....
#.#########...#### #.#
##..#... #.########
#..#... #.##.....#
##.#...


You could see 2 orcs.

Vanquished Creatures
  An orc priest (D:1)
  A dart slug (D:1)
  An endoplasm (D:1)
  2 giant cockroaches (D:1)
  2 goblins (D:1)
  A hobgoblin (D:1)
  3 jackals (D:1)
  A quokka (D:1)
  2 ball pythons (D:1)
  A bat (D:1)
  2 frilled lizards (D:1)
  2 kobolds (D:1)
  A rat (D:1)
20 creatures vanquished.

Notes
Turn   | Place    | Note
-------+----------+-------------------------------------------
     0 | D:1      | jlumianski the Demonspawn Gladiator began the quest for the
                  | Orb.
     0 | D:1      | Reached XP level 1. HP: 16/16 MP: 1/1
   371 | D:1      | Discovered your monstrous ancestry.
   371 | D:1      | Gained mutation: You have a small tail. [demonic ancestry]
   371 | D:1      | Reached XP level 2. HP: 17/22 MP: 2/2
   894 | D:1      | HP: 1/22 [orc priest/+1 vorpal hand axe (3)]
   896 | D:1      | Slain by an orc

Illustrated notes

Levels and vault maps discovered:
D:1:      minmay_arrival_four_houses, layout_basic, roderic_st_hans_cross,
          chequers_serial_rivers_small_3
D:2:      layout_basic, dreamdust_ecumenical_altar_drowned_temple, uniq_jessica,
          uniq_natasha, uniq_sigmund

Skill      XL: |  1  2 |
---------------+-------+-----
Axes           | 3 |  3.2
Dodging        | 3 |  3.0
Fighting       | |  2.1
Throwing       | |  1.8

Action                   || total
-------------------------++-------
Melee: War axe           ||    43
       Tailslap          ||     3
  Use: Potion            ||     1
Armor: Leather armour    ||    15
       Plate armour      ||    12
Dodge: Dodged            ||    30

Table legend: (Time is in decaauts)
 A = Elapsed time spent in this place.
 B = Non-inter-level travel time spent in this place.
 C = Inter-level travel time spent in this place.
 D = Time resting spent in this place.
 E = Time spent auto-exploring this place.
 F = Levels seen in this place.
 G = Mean time per level.
                   A        B        C        D        E       F      G
               +--------+--------+--------+--------+--------+-----+--------+
         Total |    918 |    888 |     30 |      0 |    489 |   2 |  459.0 |
       Dungeon |    918 |    888 |     30 |      0 |    489 |   2 |  459.0 |
               +--------+--------+--------+--------+--------+-----+--------+

Top non-repeatable levels by time:
     D:1: 901 daAuts
     D:2: 16 daAuts
